 Dungeon Crawl Stone Soup version 0.19-a0-1626-g5215c36 (webtiles) character file.

85 jacquesderrida the Slasher (level 4, 0/23 HPs)
             Began as a Vine Stalker Skald on Sept 18, 2016.
             Was an Initiate of Ashenzari.
             Slain by an adder (3 damage)
             ... on level 5 of the Dungeon.
             The game lasted 00:02:19 (498 turns).

jacquesderrida the Slasher (Vine Stalker Skald)      Turns: 498, Time: 00:02:20

Health: 0/23       AC:  3    Str: 15    XL:     4   Next: 48%
Magic:  0/8        EV: 11    Int: 13    God:    Ashenzari [......]
Gold:   39         SH:  0    Dex: 13    Spells: 1 memorised, 6 levels left

rFire  . . .     SeeInvis .     a - +0 falchion
rCold  . . .     Gourm    .     b - +0 leather armour
rNeg   . . .     Faith    .     (no shield)
rPois  .         Spirit   +     (no helmet)
rElec  .         Dismiss  .     (no cloak)
rCorr  .         Reflect  .     (no gloves)
MR     .....     Harm     .     (no boots)
Stlth  +.........               (no amulet)
                                (no ring)
                                (no ring)

@: infused (expiring), very slightly contaminated, hasted, very quick
A: fangs 2, regeneration 1, magic shield, antimagic bite, no device heal 3, rot
immunity
a: Curse Item, Renounce Religion


You were on level 5 of the Dungeon.
You worshipped Ashenzari.
Ashenzari was noncommittal.
You were not hungry.

You visited 2 branches of the dungeon, and saw 6 of its levels.

You collected 39 gold pieces.

Inventory:

Hand Weapons
 a - a +0 falchion (weapon)
Armour
 b - a +0 leather armour (worn)
 k - a +0 buckler
Scrolls
 e - a scroll of teleportation {unknown}
 g - a scroll of enchant weapon {unknown}
Books
 c - a book of Battle

   Spells                             Type                      Level
   a - Infusion                       Charms                       1
   b - Shroud of Golubria             Charms/Translocation         2
   c - Song of Slaying                Charms                       2
   d - Spectral Weapon                Hexes/Charms                 3
   e - Regeneration                   Charms/Necromancy            3
Comestibles
 d - 2 bread rations
 f - a slice of pizza
 h - a beef jerky
 i - 2 meat rations
 m - 2 chunks of flesh


   Skills:
 - Level 1.7 Fighting
 + Level 4.1 Long Blades
 - Level 0.7 Armour
 - Level 0.7 Dodging
 - Level 2.1 Spellcasting
 - Level 3.0 Charms


You had 6 spell levels left.
You knew the following spells:

 Your Spells              Type           Power        Failure   Level  Hunger
a - Infusion              Chrm           #...         10%         1    ##.....


Dungeon Overview and Level Annotations

Branches:
Dungeon (5/15)             Temple (1/1) D:4

Altars:
Ashenzari
Cheibriados
Dithmenos
Elyvilon
Fedhas
Gozag
Hepliaklqana
Kikubaaqudgha
Makhleb
Nemelex Xobeh
Okawaru
Qazlal
Ru
Sif Muna
Trog
Uskayaw
Vehumet
Xom
Yredelemnul
Zin
The Shining One

Annotations:
D:2 Terence


Innate Abilities, Weirdness & Mutations

You have extremely sharp teeth.
Your natural rate of healing is unusually fast.
When hurt, damage is shared between your health and your magic reserves.
Your bite disrupts and absorbs the magic of your enemies.
Potions and wands cannot restore your health.
You are immune to rotting.


Message History

The centaur skeleton hits you!
* * * LOW HITPOINT WARNING * * *
Unknown command.
You hit the centaur skeleton!
You destroy the centaur skeleton!
Your Long Blades skill increases to level 4!
The adder misses you.
Unknown command.
You hit the adder! Your bite misses the adder.
The adder is severely wounded.
Unknown command.
You closely miss the adder. Your bite misses the adder.
The adder is severely wounded.
Your magical infusion is running out.
The adder barely misses you.
Unknown command.
You closely miss the adder.
The adder is severely wounded.
The adder bites you.
You die...

.......######..######.#
....... #.........#
.......######...######
................#
.......#######..#
....... #.<# ......#
#.## #S# #@# #.# #.#
#.# #.. #.. #.. #...


You could see an adder.

Vanquished Creatures
  A centaur skeleton (D:5)
  A worker ant (D:5)
  An adder (D:3)
  2 oozes
  A dart slug (D:3)
  4 orcs
  A quokka (D:2)
  2 goblins
13 creatures vanquished.

Notes
Turn   | Place    | Note
-------+----------+-------------------------------------------
     0 | D:1      | jacquesderrida the Vine Stalker Skald began the quest for the Orb.
     0 | D:1      | Reached XP level 1. HP: 11/11 MP: 4/4
    42 | D:1      | Reached skill level 2 in Long Blades
    64 | D:2      | Reached XP level 2. HP: 8/15 MP: 3/6
   109 | D:2      | Noticed Terence
   207 | D:3      | Reached skill level 3 in Long Blades
   207 | D:3      | Reached XP level 3. HP: 7/18 MP: 3/7
   234 | D:4      | Found a staircase to the Ecumenical Temple.
   245 | Temple   | Entered the Ecumenical Temple
   297 | Temple   | Became a worshipper of Ashenzari the Shackled
   361 | D:4      | Noticed a phantom
   430 | D:5      | Entered Level 5 of the Dungeon
   489 | D:5      | Gained mutation: Your natural rate of healing is unusually fast. [Vine Stalker growth]
   489 | D:5      | Reached XP level 4. HP: 6/23 MP: 4/8
   494 | D:5      | HP: 1/23 [centaur skeleton (2)]
   495 | D:5      | Reached skill level 4 in Long Blades
   498 | D:5      | Slain by an adder

Vault maps used:
D:1:      dpeg_arrival_rooms_b, hangedman_decor_slide_cut
D:2:      uniq_crazy_yiuf_cottage, uniq_terence
D:4:      first_bread
D:5:      hangedman_decor_peaks_small, nemelex_altar_shiori
Temple:   nicolae_temple_the_god_donut

Skill      XL: |  1  2  3  4 |
---------------+-------------+-----
Long Blades    | 2 3 4 |  4.1
Fighting       | |  1.7
Armour         | |  0.7
Dodging        | |  0.7
Spellcasting   | |  2.1
Charms         | |  3.0

Action                   |  1- 3 |  4- 6 || total
-------------------------+-------+-------++-------
Melee: Falchion          |    59 |     9 ||    68
       Bite              |    17 |     3 ||    20
 Cast: Infusion          |     5 |       ||     5
  Use: Potion            |     3 |       ||     3
Armor: Leather armour    |     3 |       ||     3
Dodge: Dodged            |    36 |     3 ||    39
